 Dungeon Crawl Stone Soup version 0.22-a0-619-ga0c6fd2 (webtiles) character file.

582 sking99 the Stinger (level 7, 0/46 HPs)
             Began as a Demonspawn Venom Mage on July 14, 2018.
             Was an Initiate of Kikubaaqudgha.
             Slain by a sky beast (6 damage)
             ... on level 5 of the Dungeon.
             The game lasted 00:14:34 (5472 turns).

sking99 the Stinger (Demonspawn Venom Mage)         Turns: 5472, Time: 00:14:35

Health: 0/46       AC:  3    Str:  8    XL:     7   Next: 14%
Magic:  1/12       EV: 12    Int: 18    God:    Kikubaaqudgha [......]
Gold:   154        SH:  6    Dex: 14    Spells: 7/13 levels left

rFire    . . .     SeeInvis .   o - +1 spear (vamp)
rCold    . . .     Gourm    .   (no shield)
rNeg     . . .     Faith    .   a - +0 robe
rPois    .         Spirit   .   (helmet restricted)
rElec    .         Reflect  .   (no cloak)
rCorr    .         Harm     .   m - +0 pair of gloves
MR       .....                  (no boots)
Stlth    ++........             (no amulet)
HPRegen  0.15/turn              (no ring)
MPRegen  0.13/turn              (no ring)

@: no status effects
A: antennae 1, large bone plates 2
a: Renounce Religion


You were on level 5 of the Dungeon.
You worshipped Kikubaaqudgha.
Kikubaaqudgha was noncommittal.
You were not hungry.

You visited 1 branch of the dungeon, and saw 5 of its levels.

You collected 154 gold pieces.

Inventory:

Hand Weapons
 o - a +1 vampiric spear (weapon)
Armour
 a - a +0 robe (worn)
 m - a +0 pair of gloves (worn)
Jewellery
 g - an uncursed ring of poison resistance {unknown}
 j - an uncursed ring of protection from cold {unknown}
 s - an uncursed ring of resist corrosion {unknown}
Wands
 w - a wand of random effects (26)
Scrolls
 b - 2 scrolls of enchant weapon {unknown}
 d - 5 scrolls of teleportation {unknown}
 e - 2 scrolls of amnesia {unknown}
 f - 2 scrolls of remove curse {unknown}
 h - 2 scrolls of enchant armour {unknown}
 i - 3 scrolls of identify {unknown}
 k - 3 scrolls of fear {unknown}
 l - 2 scrolls of magic mapping {unknown}
 n - a scroll of blinking {unknown}
 q - 2 scrolls of immolation {unknown}
 v - a scroll of random uselessness {unknown}
Potions
 p - 3 potions of curing {unknown}
 r - 2 potions of brilliance {unknown}
 t - 2 potions of lignification {unknown}
 z - a potion of agility {unknown}
Comestibles
 u - a ration
 x - 2 chunks of flesh


   Skills:
 - Level 1.7 Dodging
 - Level 1.7 Stealth
 + Level 3.6 Spellcasting
 + Level 3.4 Conjurations
 + Level 2.6 Air Magic
 * Level 5.7 Poison Magic


You had 7 spell levels left.
You knew the following spells:

 Your Spells              Type           Power        Failure   Level  Hunger
a - Sting                 Conj/Pois      ###.         2%          1    None
b - Poisonous Vapours     Pois/Air       ###...       4%          2    ##.....
c - Mephitic Cloud        Conj/Pois/Air  ###.....     9%          3    ###....

Your spell library contained the following spells:

 Spells                   Type           Power        Failure   Level  Hunger
 Venom Bolt               Conj/Pois      ###.......   54%         5    ######.
 Olgreb's Toxic Radiance  Pois           ###.....     14%         4    ####...


Dungeon Overview and Level Annotations

Branches:
Dungeon (5/15)
 Temple: D:4-7

Altars:
Elyvilon
Kikubaaqudgha
Okawaru
Zin


Innate Abilities, Weirdness & Mutations

You have a pair of small antennae on your head.
You are mostly covered in large bone plates. (SH +6)


Message History

Aim: a sky beast (heavily wounded)
The sting hits the sky beast.
The sky beast is heavily wounded.
The sky beast completely misses you.
You hit the sky beast.
You feel better.
The sky beast is severely wounded.
The sky beast hits you but does no damage.
You barely miss the sky beast.
The sky beast is heavily wounded.
The sky beast flickers out of sight!
Deactivating autopickup; reactivate with Ctrl-A.
Something hits you. Something shocks you.
* * * LOW HITPOINT WARNING * * *
You miss something.
A sky beast appears from thin air!
Reactivating autopickup.
You block the sky beast's attack. The sky beast hits you.
* * * LOW HITPOINT WARNING * * *
The sky beast shocks you.
You die...
Kikubaaqudgha rasps: "You have failed me!
Welcome... death!"

...
#.........#......
#.....##........#
#.....##........#
#...............#
#..........##..)#
#..........######
#..>..##........#
#.....##≈.......#
#....?@Y.≈......#
#.....##...##...#
#....> #...# ..<#
#..... ...... ..+
#.....##........#
###### #.......
......>. .......


You could see a sky beast.

Vanquished Creatures
  An ogre (D:5)
  2 vampire bats (D:3)
  2 orc priests
  A centaur skeleton (D:4)
  An iguana (D:4)
  An orc wizard (D:2)
  Natasha (thrice) (D:2)
  2 worker ants
  A hound zombie (D:5)
  2 adders (D:2)
  A shadow imp (D:5)
  An ooze (D:2)
  2 adder skeletons (D:4)
  4 worms
  3 leopard geckos
  7 orcs
  8 bats
  4 bat skeletons (D:3)
  2 bat zombies (D:3)
  3 giant cockroaches
  6 goblins
  11 hobgoblins
  8 jackals
  6 kobolds
  A quokka (D:4)
  5 frilled lizards
  2 leopard gecko skeletons
  9 rats
99 creatures vanquished.

Notes
Turn   | Place    | Note
-------+----------+-------------------------------------------
     0 | D:1      | sking99 the Demonspawn Venom Mage began the quest for the Orb.
     0 | D:1      | Reached XP level 1. HP: 13/13 MP: 3/3
   280 | D:1      | Gained mutation: You are partially covered in large bone plates. (SH +4) [demonic ancestry]
   280 | D:1      | Reached XP level 2. HP: 19/19 MP: 0/5
   598 | D:1      | Learned a level 2 spell: Poisonous Vapours
  1378 | D:2      | Noticed Natasha
  1384 | D:2      | Killed Natasha
  1384 | D:2      | Reached XP level 3. HP: 16/24 MP: 0/6
  1673 | D:2      | Noticed Natasha
  1680 | D:2      | Killed Natasha
  1680 | D:2      | Reached skill level 1 in Air Magic
  1680 | D:2      | Reached skill level 4 in Poison Magic
  1680 | D:2      | Reached XP level 4. HP: 21/30 MP: 0/7
  1909 | D:2      | Found an iron altar of Okawaru.
  2595 | D:2      | Noticed Natasha
  2606 | D:2      | Killed Natasha
  2606 | D:2      | Reached XP level 5. HP: 32/35 MP: 0/9
  2613 | D:2      | Learned a level 3 spell: Mephitic Cloud
  2740 | D:2      | Found a glowing silver altar of Zin.
  3093 | D:2      | HP: 1/35 [something (4)]
  3500 | D:3      | Found a white marble altar of Elyvilon.
  4042 | D:3      | Found an ancient bone altar of Kikubaaqudgha.
  4072 | D:3      | Gained mutation: You are mostly covered in large bone plates. (SH +6) [demonic ancestry]
  4072 | D:3      | Reached XP level 6. HP: 21/41 MP: 10/10
  4080 | D:3      | Reached skill level 5 in Poison Magic
  4085 | D:3      | Became a worshipper of Kikubaaqudgha
  5303 | D:5      | Entered Level 5 of the Dungeon
  5421 | D:5      | Gained mutation: You have a pair of small antennae on your head. [demonic ancestry]
  5421 | D:5      | Reached XP level 7. HP: 46/46 MP: 3/12
  5465 | D:5      | HP: 1/46 [sky beast (6)]
  5472 | D:5      | Slain by a sky beast

Vault maps used:
D:1:      kilobyte_arrival_exit_the_forest, serial_bayou_pond_b,
          minmay_tree_intersection
D:2:      okawaru_altar_gauntlet_db, zin_statuary, uniq_natasha
D:3:      kennysheep_vampire_church, nicolae_overflow_crystal_walls
D:5:      enter_ossuary_1, first_ration, uniq_grinder

Skill      XL: |  1  2  3  4  5  6 |
---------------+-------------------+-----
Conjurations   | 2 3 |  3.4
Air Magic      | 1 2 |  2.6
Poison Magic   | 4 5 |  5.7
Spellcasting   | 3 |  3.6
Dodging        | |  1.7
Stealth        | |  1.7

Action                   |  1- 3 |  4- 6 |  7- 9 || total
-------------------------+-------+-------+-------++-------
Melee: Unarmed           |     3 |       |       ||     3
       Whip              |    11 |     2 |       ||    13
       Spear             |       |   212 |    20 ||   232
 Cast: Sting             |    65 |   106 |     5 ||   176
       Poisonous Vapours |     1 |    19 |     2 ||    22
  Use: Potion            |       |     2 |     1 ||     3
 Stab: Sleeping          |       |     2 |       ||     2
  Eat: Chunk             |     3 |    11 |       ||    14
       Ration            |       |     2 |       ||     2
Armor: Robe              |     7 |    73 |     3 ||    83
Dodge: Dodged            |    16 |   180 |     5 ||   201
Block: Other             |     5 |    64 |     4 ||    73

Table legend:
 A = Spawn XP
 B = Non-spawn XP
 C = Spawn XP percentage of total XP
 D = Spawn monster count
 E = Non-spawn monster count
 F = Spawn count percentage of total count
 G = Total turns spent on level
                    A         B        C        D         E        F      G
               +---------+---------+-------+---------+---------+-------+---------
         Total |       0 |     832 |   0.0 |       0 |      99 |   0.0 |  5472
               +---------+---------+-------+---------+---------+-------+---------
           D:1 |       0 |      34 |   0.0 |       0 |      22 |   0.0 |  1324
           D:2 |       0 |     219 |   0.0 |       0 |      29 |   0.0 |  1953
           D:3 |       0 |     211 |   0.0 |       0 |      29 |   0.0 |  1199
           D:4 |       0 |     177 |   0.0 |       0 |      13 |   0.0 |   827
           D:5 |       0 |     191 |   0.0 |       0 |       6 |   0.0 |   169
               +---------+---------+-------+---------+---------+-------+---------
